 Dungeon Crawl Stone Soup version 0.30-a0-122-g2a1322497e (webtiles) character file.

Game seed: 12207588056017620781

120715 AarnesTheHuman the Fighter (level 16, -2/107 HPs)
             Began as a Gargoyle Earth Elementalist on Sept 15, 2022.
             Was a High Priest of Vehumet.
             Slain by a meliai
             ... wielding a +1 vampiric hand axe
              (8 damage)
             ... on level 1 of the Spider Nest on Sept 17, 2022.
             The game lasted 02:20:15 (45572 turns).

AarnesTheHuman the Fighter (GrEE)                  Turns: 45572, Time: 02:20:15

Health: -2/107     AC: 28    Str: 10 (14) XL:     16   Next: 83%
Magic:  0/33       EV:  8    Int: 17 (22) God:    Vehumet [*****.]
Gold:   2698       SH:  7    Dex:  8 (10) Spells: 6/41 levels left

rFire   + + .      SeeInvis +    a - +7 hand axe "Amemahaf" {freeze, Will+}
rCold   . . .      Faith    .    Y - +3 buckler {rC+}
rNeg    + . .      Spirit   .    q - +1 fire dragon scales
rPois   ∞          Reflect  .    H - +2 helmet
rElec   +          Harm     .    b - scarf {repulsion}
rCorr   .          Rampage  .    (no gloves)
Will    +++..                    (no boots)
Stlth   ..........               F - amulet of magic regeneration
HPRegen 0.27/turn                Z - ring of willpower
MPRegen 0.63/turn                v - ring of see invisible

@: ice-armoured, flying, repel missiles
A: sickness immunity, AC +12, big wings, negative energy resistance 1,
electricity resistance, torment resistance 1, petrification resistance
a: Renounce Religion


You were on level 1 of the Spider Nest.
You worshipped Vehumet.
Vehumet was extremely pleased with you.
You visited 6 branches of the dungeon, and saw 27 of its levels.
You also visited: Bailey, Ice Cave and Volcano.

You collected 3052 gold pieces.
You spent 354 gold pieces at shops.

Inventory:

Hand Weapons
 a - the +7 hand axe "Amemahaf" (weapon) {freeze, Will+}
   (You found it on level 8 of the Dungeon)

   It freezes those it strikes, dealing additional cold damage.
   It can also slow down cold-blooded creatures.
   Will:      It increases your willpower.
 w - a +1 broad axe of flaming
Missiles
 f - 212 stones
 t - 36 poisoned darts (quivered)
 R - 4 throwing nets
Armour
 b - a scarf of repulsion (worn)
 k - the -8 robe of Gozag's Delight {rElec MP+9 SInv}
   (You found it on level 2 of the Orcish Mines)

   rElec:     It insulates you from electricity.
   MP:        It affects your magic capacity (+9).
   SInv:      It lets you see invisible.
 q - +1 fire dragon scales (worn)
 H - a +2 helmet (worn)
 Y - a +3 buckler of cold resistance (worn)
Magical Staves
 y - a staff of cold
Jewellery
 e - a ring of protection from cold
 i - a ring of magical power
 l - a ring of wizardry
 n - a +6 ring of intelligence
 v - a ring of see invisible (right hand)
 F - an amulet of magic regeneration (around neck)
 Q - a ring of ice
 S - a ring of positive energy
 U - a ring of willpower
 Z - a ring of willpower (left hand)
Wands
 c - a wand of acid (14)
 h - a wand of flame (16)
 o - a wand of roots (4)
 V - a wand of digging (6)
Scrolls
 d - 2 scrolls of magic mapping
 g - 3 scrolls of fear
 j - 10 scrolls of teleportation
 r - 2 scrolls of enchant armour
 s - a scroll of torment
 u - 5 scrolls of fog
 x - 3 scrolls of vulnerability
 C - a scroll of poison
 G - 2 scrolls of summoning
 I - 4 scrolls of amnesia
 P - a scroll of immolation
 X - a scroll of blinking
Potions
 m - 2 potions of heal wounds
 p - 7 potions of curing
 z - 2 potions of ambrosia
 A - 4 potions of magic
 B - 2 potions of berserk rage
 D - 5 potions of brilliance
 E - a potion of lignification
 J - 4 potions of cancellation
 K - 3 potions of might
 L - 4 potions of haste
 M - 8 potions of invisibility
 O - a potion of resistance
 W - 6 potions of attraction


   Skills:
 + Level 14.6 Fighting
 - Level 9.6(10.0) Axes
 - Level 4.3(8.0) Maces & Flails
 - Level 5.5 Armour
 - Level 4.0 Dodging
 - Level 2.1 Stealth
 - Level 5.0 Shields
 + Level 13.4 Spellcasting
 - Level 9.0 Conjurations
 - Level 7.0 Necromancy
 - Level 0.7 Transmutations
 - Level 5.3 Fire Magic
 - Level 5.0 Ice Magic
 - Level 4.0 Air Magic
 + Level 13.7 Earth Magic


You had 6 spell levels left.
You knew the following spells:

 Your Spells              Type           Power      Damage    Failure   Level
a - Sandblast             Erth           100%       2d20      1%          1
b - Stone Arrow           Conj/Erth      100%       3d13      1%          3
c - Passwall              Tmut/Erth      30%        N/A       4%          2
d - Fireball              Conj/Fire      17%        3d9       24%         5
e - Ozocubu's Armour      Ice            28%        N/A       24%         3
f - Magic Dart            Conj           100%       1d8       1%          1
g - Static Discharge      Conj/Air       66%        3-8/arc   1%          2
h - Frozen Ramparts       Ice            56%        1d9       7%          3
i - Borgnjor's Vile Clut  Necr/Erth      23%        N/A       26%         5
j - Lee's Rapid Deconstr  Erth           27%        3d16*     1%          5
k - Freezing Cloud        Conj/Ice/Air   15%        6-21      36%         5

Your spell library contained the following spells:

 Spells                   Type           Power      Damage    Failure   Level
 Starburst                Conj/Fire      17%        6d6       75%         6
 Foxfire                  Conj/Fire      100%       2x1d9     1%          1
 Necrotise                Necr           100%       1d9       3%          1
 Flame Wave               Conj/Fire      35%        2d10      9%          4
 Vampiric Draining        Necr           35%        2d8       11%         3
 Kindle Blastsparks       Fire/Tloc/Air  42%        2d13      14%         3
 Inner Flame              Hex/Fire       20%        N/A       17%         3
 Petrify                  Tmut/Erth      36%        N/A       32%         4
 Animate Dead             Necr           35%        N/A       34%         4
 Leda's Liquefaction      Hex/Erth       17%        N/A       36%         4
 Apportation              Tloc           22%        N/A       54%         1
 Summon Small Mammal      Summ           44%        N/A       54%         1
 Agony                    Necr           35%        N/A       69%         5
 Gell's Gravitas          Tloc           11%        N/A       88%         3
 Lesser Beckoning         Tloc           11%        N/A       88%         3
 Teleport Other           Tloc           11%        N/A       88%         3
 Metabolic Englaciation   Hex/Ice        9%         N/A       99%         5
 Death Channel            Necr           17%        N/A       99%         6
 Simulacrum               Ice/Necr       15%        N/A       100%        6
 Polar Vortex             Ice            14%        N/A       100%        9
 Statue Form              Tmut/Erth      Unusable   N/A       N/A         6

Dungeon Overview and Level Annotations

Branches:
Dungeon (15/15)            Temple (1/1) D:5            Lair (5/5) D:10
 Shoals (3/4) Lair:2       Spider (1/4) Lair:3        Slime (0/5) Lair:4
    Orc (2/2) D:9             Elf (0/3) Orc:2        Vaults (0/5) D:14
 Depths (0/4) D:15         Bailey (visited)           IceCv (visited)
Volcano (visited)

Altars:
Ashenzari
Cheibriados
Dithmenos
Elyvilon
Fedhas
Gozag
Hepliaklqana
Kikubaaqudgha
Makhleb
Nemelex Xobeh
Okawaru
Qazlal
Ru
Sif Muna
Trog
Uskayaw
Vehumet
Wu Jian
Xom
Yredelemnul
Zin
The Shining One
Jiyva

Shops:
D:4 *   D:8 (   D:12 [   Orc:2 ([*!!

Portals:
Trove: D:15 (give 8 scrolls of fog)

Annotations:
D:4 exclusions: downstairs and phantom
D:5 1 runed translucent door, exclusion: door, Crazy Yiuf
D:8 Psyche
D:14 2 transporters, LetschGu's ghost, journeyman PaMo
Lair:4 2 transporters
Shoals:1 exclusion: downstairs
Shoals:2 1 exclusion, Ilsuiw


Innate Abilities, Weirdness & Mutations

You are immune to sickness and miasma.
Your stone body is resilient. (AC +12)
You are immune to poison.
Your large and strong wings let you fly.
You resist negative energy. (rN+)
You are resistant to electric shocks. (rElec)
You are resistant to unholy torment.
You are immune to petrification.


Message History

The meliai barely misses you. The ghost moth stares at you.
You feel your power leaking away. The ghost moth hits you.
* * * LOW HITPOINT WARNING * * *
The ghost moth hits you but does no damage.
The ghost moth stings you but does no damage.
You barely miss the ghost moth.
The ghost moth is severely wounded.
You hit the meliai but do no damage. The meliai hits you but does no damage.
The meliai barely misses you. The ghost moth stares at you.
The ghost moth hits you but does no damage. x2
The ghost moth stings you but does no damage.
You block the meliai's attack.
The meliai stings you but does no damage.
You hit the ghost moth.
The ghost moth is almost dead.
You barely miss the meliai. The meliai barely misses you.
The meliai stings you but does no damage.
The ghost moth stares at you.
You feel your power leaking away. The ghost moth hits you!
* * * LOW HITPOINT WARNING * * *
You feel dopey.
The ghost moth hits you but does no damage.
The ghost moth stings you but does no damage.
The meliai barely misses you.
The meliai stings you but does no damage.
You slash the ghost moth!
The ghost moth is almost dead.
You hit the meliai. You freeze the meliai.
The meliai calls down the wrath of its god upon you.
Something smites you!
* * * LOW HITPOINT WARNING * * *
The ghost moth stares at you.
The ghost moth hits you but does no damage. x2
You block the ghost moth's attack.
The meliai hits you with a +1 vampiric hand axe!
You die...

##..###B.###..# ...>
....#.#.##...## ...
#..#...#..#....##.###
#..#.....##..###....##
.. #.##....††..^......
##..#.#^.#...#......#
.. ##.#...#.)...##
#.##.....##..#..##
.......###y@.....#
##..#....y##...##
#......###........#
#..#..#..###.#...##
####....## .##..#
#......## . ##
#...#.... .#
#>#.#.#....
#######..###


You could see a ghost moth (invisible) and a meliai.

Vanquished Creatures
  Mlioglotl (Spider:1)
  Gastronok (D:8)
  Polyphemus (Shoals:2)
  2 ghost moths (Spider:1)
  A reaper (IceCv)
  The ghost of Turbonekonecno the Unseen, a journeyman SpEn of Uskayaw (Orc:2)
  An entropy weaver (Spider:1)
  2 merfolk javelineers
  Josephine (D:12)
  Snorg (D:10)
  Harold (D:9)
  5 vault guards (D:14)
  A catoblepas (Shoals:2)
  2 hydras
  A radroach (Spider:1)
  A merfolk avatar (Shoals:2)
  2 ogre magi (D:14)
  2 ice dragons (D:15)
  3 centaur warriors
  Erica (Lair:2)
  2 boulder beetles (Lair:5)
  4 tengu warriors
  4 two-headed ogres
  3 orc high priests (Orc:2)
  A naga warrior (Orc:2)
  3 death yaks
  2 sun demons (Shoals:2)
  Urug (D:12)
  A deep elf knight (D:14)
  Lodul (D:10)
  A hell knight (Volcano)
  8 sea snakes
  2 steelbarb worms (Spider:1)
  A deep elf archer (Orc:2)
  2 orb spiders (Spider:1)
  8 harpies (Shoals:1)
  3 deep elf pyromancers (D:15)
  7 orc knights
  A wolf spider (Spider:1)
  13 ugly things
  9 manticores
  An oklob plant (Orc:1)
  6 cyclopes
  4 orc sorcerers (Orc:2)
  2 ice statues (IceCv)
  2 merfolk sirens (Shoals:2)
  15 cane toads
  7 water nymphs
  4 black mambas (Lair:4)
  A torpor snail (Spider:1)
  3 gargoyles
  2 demonic crawlers
  2 kobold demonologists (D:12)
  An unseen horror (D:10)
  6 komodo dragons
  An efreet (D:15)
  6 rime drakes
  2 guardian mummies (D:15)
  2 yaktaurs (Volcano)
  A tengu conjurer (D:14)
  2 anaconda simulacra (IceCv)
  2 freezing wraiths
  4 ice devils (IceCv)
  A yaktaur (shapeshifter) (D:13)
  2 meliai
  3 polar bears (Lair:5)
  5 wind drakes
  9 trolls
  4 hornets
  6 merfolk
  6 blink frogs
  2 snapping turtles (Shoals:1)
  A blink frog (shapeshifter) (D:13)
  7 dream sheep
  19 slime creatures
  12 spriggans (Lair:5)
  A centaur simulacrum (D:14)
  4 jumping spiders (Spider:1)
  A vampire (D:8)
  8 wyverns
  41 yaks
  5 culicivoras (Spider:1)
  4 shadows
  6 fire bats (Volcano)
  6 wraiths
  3 basilisks
  A human (D:14)
  3 vampire mosquitoes (D:14)
  2 death yak simulacra (IceCv)
  6 redbacks
  A steam dragon (Lair:1)
  An acid dragon (D:13)
  9 water moccasins
  16 orc warriors
  A sky beast (D:7)
  4 ice beasts
  11 ogres
  2 black bears
  24 wolves (Lair:5)
  7 centaurs
  4 boggarts (Lair:5)
  2 phantoms
  5 kobold brigands
  4 gnoll sergeants
  A necrophage (D:7)
  8 scorpions
  3 two-headed ogre simulacra (IceCv)
  8 bullfrogs
  2 cane toad simulacra (IceCv)
  2 troll zombies (D:9)
  19 wights
  A hornet simulacrum (D:15)
  13 killer bees
  A howler monkey (D:9)
  7 lava snakes (Volcano)
  4 hounds
  3 jellies
  16 orc priests
  A gnoll bouda (D:5)
  Natasha (thrice) (D:4)
  18 orc wizards
  6 hell rats (Lair:2)
  3 spriggan simulacra (IceCv)
  2 troll simulacra (IceCv)
  A polar bear simulacrum (IceCv)
  A wolf simulacrum (IceCv)
  6 ogre zombies (D:9)
  46 gnolls
  A naga simulacrum (IceCv)
  9 adders
  A shadow imp (D:7)
  A white imp (IceCv)
  3 ufetubi (IceCv)
  4 worms (Lair:3)
  3 dart slugs
  52 orcs
  4 ball pythons
  6 endoplasms
  4 giant cockroaches
  9 goblins
  7 hobgoblins
  3 jackals (D:1)
  A quokka (D:2)
  3 bats
  6 frilled lizards
  2 goblin skeletons (D:9)
  A goblin zombie (D:9)
  3 hobgoblin zombies (D:9)
  22 kobolds
  2 orc skeletons (D:9)
  16 orc zombies (D:9)
  9 rats
  A butterfly (Lair:1)
791 creatures vanquished.

Vanquished Creatures (others)
  2 ogres (D:10)
  An iguana (D:10)
  30 fungi
  75 plants
  5 tentacles (Shoals:1)
113 creatures vanquished.

Grand Total: 904 creatures vanquished

Notes
Turn   | Place    | Note
-------+----------+-------------------------------------------
     0 | D:1      | AarnesTheHuman the Gargoyle Earth Elementalist began the
                  | quest for the Orb.
     0 | D:1      | Reached XP level 1. HP: 10/10 MP: 3/3
   446 | D:1      | Found a faded altar of an unknown god.
   552 | D:1      | Reached XP level 2. HP: 12/15 MP: 5/5
   855 | D:1      | Reached XP level 3. HP: 19/19 MP: 6/6
  1112 | D:1      | Learned a level 3 spell: Stone Arrow
  1353 | D:2      | Learned a level 2 spell: Passwall
  1608 | D:2      | Reached skill level 1 in Conjurations
  1894 | D:2      | Reached XP level 4. HP: 24/24 MP: 8/8
  2393 | D:3      | Reached skill level 5 in Earth Magic
  3338 | D:4      | Found Damadieja's General Store.
  3554 | D:4      | Noticed a phantom
  3587 | D:4      | Reached XP level 5. HP: 28/28 MP: 9/9
  3753 | D:4      | Noticed Natasha
  3754 | D:4      | Killed Natasha
  4092 | D:4      | Noticed Natasha
  4115 | D:4      | Killed Natasha
  4171 | D:4      | Reached XP level 6. HP: 32/32 MP: 10/11
  4471 | D:5      | Entered Level 5 of the Dungeon
  4476 | D:5      | Noticed an ice beast
  4552 | D:5      | Noticed an ice beast
  4561 | D:5      | Killed an ice beast
  4879 | D:5      | Reached XP level 7. HP: 36/36 MP: 12/13
  5052 | D:5      | Reached skill level 5 in Spellcasting
  5123 | D:5      | Found a staircase to the Ecumenical Temple.
  5266 | D:5      | Reached skill level 1 in Fighting
  5267 | Temple   | Entered the Ecumenical Temple
  5661 | D:5      | Found a runed translucent door.
  5662 | D:5      | Noticed Crazy Yiuf
  5737 | D:5      | Reached skill level 2 in Fighting
  5740 | D:5      | Reached XP level 8. HP: 25/45 MP: 16/17
  6024 | D:6      | Reached skill level 3 in Fighting
  6108 | D:6      | Reached skill level 4 in Fighting
  6234 | D:6      | Found an ornate altar of the Wu Jian Council.
  6361 | D:6      | Reached skill level 5 in Fighting
  7117 | D:7      | Reached skill level 5 in Conjurations
  7264 | D:7      | Reached skill level 6 in Fighting
  7264 | D:7      | Noticed a hornet
  7268 | D:7      | Killed a hornet
  7269 | D:7      | Reached XP level 9. HP: 56/56 MP: 17/19
  7509 | D:7      | Found a blossoming altar of Fedhas.
  7577 | D:7      | Found a flagged portal.
  7581 | D:7      | Reached skill level 7 in Fighting
  7594 | Bailey   | Entered a bailey
  7725 | Bailey   | Learned a level 1 spell: Foxfire
  8027 | Bailey   | Noticed an orc knight
  8035 | Bailey   | Killed an orc knight
  8036 | Bailey   | Reached skill level 8 in Fighting
  8725 | D:8      | Noticed Gastronok
  8965 | D:8      | Killed Gastronok
  8966 | D:8      | Reached XP level 10. HP: 42/65 MP: 3/22
  9295 | D:8      | Found Fiebill's Antique Weapon Boutique.
  9581 | D:8      | Reached skill level 9 in Fighting
 10234 | D:8      | Identified the +7 hand axe "Amemahaf" {freeze, Will+}
 10235 | D:8      | Noticed Psyche
 10250 | D:8      | Learned a level 4 spell: Flame Wave
 10304 | D:8      | Found a glowing golden altar of the Shining One.
 10747 | D:9      | Reached skill level 1 in Fire Magic
 10809 | D:9      | Reached skill level 1 in Axes
 11105 | D:9      | Reached XP level 11. HP: 71/71 MP: 14/23
 11233 | D:9      | Noticed Harold
 11248 | D:9      | Killed Harold
 12174 | D:9      | HP: 3/71 [shadow (6)]
 12800 | D:9      | Found a staircase to the Orcish Mines.
 13965 | D:10     | Entered Level 10 of the Dungeon
 14091 | D:10     | Found a radiant altar of Vehumet.
 14251 | D:10     | Found a bloodstained altar of Trog.
 14253 | D:10     | Found a white marble altar of Elyvilon.
 14253 | D:10     | Found a basalt altar of Yredelemnul.
 14256 | D:10     | Became a worshipper of Vehumet
 14417 | D:10     | Noticed Snorg
 14417 | D:10     | Noticed a two-headed ogre
 14433 | D:10     | HP: 2/71 [Snorg (17)]
 14435 | D:10     | Killed Snorg
 14436 | D:10     | Reached skill level 5 in Fire Magic
 14443 | D:10     | Killed a two-headed ogre
 14871 | D:10     | Reached XP level 12. HP: 54/76 MP: 14/24
 14873 | D:10     | Reached skill level 5 in Axes
 15026 | D:10     | Noticed Lodul
 15034 | D:10     | Killed Lodul
 15248 | D:10     | Found a staircase to the Lair.
 15469 | D:10     | Reached * piety under Vehumet
 15469 | D:10     | Offered knowledge of Magic Dart by Vehumet.
 15648 | D:10     | Noticed a two-headed ogre
 16043 | D:10     | Learned a level 1 spell: Magic Dart
 16157 | Lair:1   | Entered Level 1 of the Lair of Beasts
 16814 | Lair:1   | Identified the +9 mace "Impbane" {vorpal, Fragile rElec
                  | Will+}
 17313 | Lair:2   | You fall into a shaft and drop 2 floors!
 17379 | Lair:2   | Found a staircase to the Shoals.
 17467 | Lair:2   | Noticed Erica
 17480 | Lair:2   | Killed Erica
 17502 | Lair:2   | Found a frozen archway.
 17516 | IceCv    | Entered an ice cave
 17800 | IceCv    | Reached ** piety under Vehumet
 17938 | IceCv    | Offered knowledge of Static Discharge by Vehumet.
 18890 | IceCv    | Noticed a reaper
 18897 | IceCv    | Killed a reaper
 18898 | IceCv    | Reached XP level 13. HP: 12/81 MP: 13/26
 19245 | IceCv    | Learned a level 2 spell: Static Discharge
 20332 | Lair:3   | Reached skill level 1 in Air Magic
 20388 | Lair:2   | HP: 1/82 [cane toad (17)]
 21017 | Lair:2   | Found a staircase to the Shoals.
 21044 | Lair:2   | Offered knowledge of Frozen Ramparts by Vehumet.
 21205 | Lair:2   | Reached skill level 10 in Fighting
 22213 | Lair:3   | Found a hole to the Spider Nest.
 22245 | Lair:3   | Learned a level 3 spell: Frozen Ramparts
 22410 | Lair:3   | Reached skill level 1 in Ice Magic
 22934 | Lair:4   | Found a viscous altar of Jiyva.
 22934 | Lair:4   | Found a staircase to the Slime Pits.
 23112 | Lair:4   | Reached *** piety under Vehumet
 23541 | Lair:4   | Found a transporter.
 24142 | Lair:4   | Found a transporter.
 24285 | Lair:5   | Entered Level 5 of the Lair of Beasts
 24430 | Lair:4   | Reached skill level 5 in Ice Magic
 24524 | Lair:5   | Offered knowledge of Sticky Flame by Vehumet.
 24525 | Lair:5   | Reached skill level 1 in Shields
 25094 | Lair:5   | Reached **** piety under Vehumet
 25258 | Lair:5   | Offered knowledge of Airstrike by Vehumet.
 25579 | Lair:5   | Reached skill level 10 in Spellcasting
 25880 | Lair:5   | Reached skill level 11 in Fighting
 25880 | Lair:5   | Gained mutation: Your large and strong wings let you fly.
                  | [Gargoyle growth]
 25880 | Lair:5   | Reached XP level 14. HP: 73/90 MP: 10/28
 26424 | Lair:5   | Learned a level 5 spell: Borgnjor's Vile Clutch
 26625 | Lair:5   | Identified the +7 quarterstaff of Hojas {elec, *Rage rElec
                  | rF+ Dex+3}
 26643 | Lair:5   | Reached skill level 1 in Necromancy
 26928 | Orc:1    | Entered Level 1 of the Orcish Mines
 27064 | Orc:2    | Entered Level 2 of the Orcish Mines
 27075 | Orc:2    | Reached ***** piety under Vehumet
 27075 | Orc:2    | Offered knowledge of Hailstorm by Vehumet.
 27522 | Orc:1    | Found a dark tunnel.
 27530 | Volcano  | Entered a volcano
 27851 | Volcano  | Found a radiant altar of Vehumet.
 27896 | Volcano  | Found a radiant altar of Vehumet.
 28041 | Orc:1    | Learned a level 5 spell: Lee's Rapid Deconstruction
 28070 | Orc:2    | Found a staircase to the Elven Halls.
 28227 | Orc:2    | Found Zorucac's Antique Weapon Shoppe.
 28476 | Orc:2    | Found a runed translucent gate.
 28477 | Orc:2    | Found a runed translucent gate.
 28478 | Orc:2    | Found a runed translucent gate.
 28479 | Orc:2    | Noticed Turbonekonecno's ghost (journeyman SpEn)
 28488 | Orc:2    | Found an iron altar of Okawaru.
 28523 | Orc:2    | Reached skill level 10 in Earth Magic
 28981 | Orc:2    | Reached skill level 5 in Necromancy
 29631 | Orc:2    | Found Tyfuff's Distillery.
 29631 | Orc:2    | Found Kuineott's Armour Emporium.
 29637 | Orc:2    | Found Hyskirr's Distillery.
 29645 | Orc:2    | Found Cyb Sudo's Assorted Antiques.
 29949 | D:10     | Found a glowing silver altar of Zin.
 31610 | D:12     | Found Uptin's Armour Emporium.
 31677 | D:12     | Learned a level 5 spell: Freezing Cloud
 31750 | D:12     | Noticed Urug
 31754 | D:12     | Killed Urug
 32356 | D:12     | Noticed Josephine
 32363 | D:12     | Killed Josephine
 32364 | D:12     | Reached XP level 15. HP: 87/95 MP: 18/29
 32455 | D:12     | Bought a scarf of repulsion for 180 gold pieces
 32957 | D:13     | Offered knowledge of Fireball by Vehumet.
 33494 | Lair:4   | Learned a level 5 spell: Fireball
 33498 | Lair:4   | Learned a level 3 spell: Ozocubu's Armour
 33750 | D:4      | Noticed Natasha
 33751 | D:4      | Killed Natasha
 34078 | D:14     | Noticed LetschGu's ghost (journeyman PaMo)
 34087 | D:14     | Found a transporter.
 34090 | D:14     | Found a bloodstained altar of Trog.
 34462 | D:14     | Reached skill level 12 in Fighting
 35423 | D:14     | Found a transporter.
 35820 | D:14     | Found a gate to the Vaults.
 36038 | D:15     | Entered Level 15 of the Dungeon
 36987 | D:15     | Found a staircase to the Depths.
 37453 | D:15     | Found a portal to a secret trove of treasure.
 38518 | Orc:2    | Bought a potion of heal wounds for 135 gold pieces
 38781 | D:4      | Bought a scroll of teleportation for 39 gold pieces
 39049 | Spider:1 | Entered Level 1 of the Spider Nest
 39450 | Shoals:1 | Entered Level 1 of the Shoals
 39478 | Shoals:1 | Reached skill level 13 in Fighting
 40238 | Shoals:1 | Reached XP level 16. HP: 81/104 MP: 28/33
 40452 | Shoals:1 | Reached skill level 5 in Armour
 40452 | Shoals:1 | Reached skill level 5 in Shields
 40520 | Shoals:1 | Offered knowledge of Starburst by Vehumet.
 41005 | Shoals:1 | Noticed a kraken
 41643 | Shoals:2 | Noticed Polyphemus
 42645 | Shoals:2 | HP: 1/105 [water nymph/the raging water (12)]
 42648 | Shoals:2 | Reached skill level 14 in Fighting
 43530 | Shoals:2 | Killed Polyphemus
 43731 | Shoals:2 | Noticed Ilsuiw
 44162 | Orc:2    | Killed Turbonekonecno's ghost
 44244 | Orc:2    | Got the -8 robe of Gozag's Delight {rElec MP+9 SInv}
 44705 | Spider:1 | Noticed Mlioglotl
 44716 | Spider:1 | Killed Mlioglotl
 45572 | Spider:1 | Slain by a meliai

Illustrated notes

Levels and vault maps discovered:
D:1:      amcnicky_arrival_single_pillar, layout_basic,
          shapermc_ecumenical_altar_petra
D:2:      layout_basic, minmay_bisected
D:3:      layout_basic
D:4:      layout_basic, serial_shops, nicolae_shop_hallway_stairs, uniq_natasha
D:5:      layout_cave_pools, minmay_temple_entry_arrows,
          kennysheep_cluttered_room, uniq_crazy_yiuf_cottage
D:6:      layout_gridville, mainiacjoe_overflow_catwalk,
          chequers_serial_rivers_marsh
D:7:      layout_loops_cross, lemuel_crystal_altar, enter_bailey_7,
          minmay_misc_feat_square
D:8:      cheibrodos_elevator_heist, layout_loops_ring, tso_metal_star,
          serial_shops, nicolae_take_the_stairs, nzn_life_drinkers, uniq_psyche,
          uniq_gastronok
D:9:      layout_long_grid, zombieorc2_lemuel, uniq_harold
D:10:     layout_basic, zin_statuary, grunt_temple_overflow_open,
          minmay_lair_entry_grove, minmay_misc_feat_columns,
          lemuel_flamethrower_2, uniq_lodul, uniq_snorg
D:11:     layout_basic, kennysheep_generic_room_5
D:12:     layout_basic, serial_shops, nicolae_square_shop, uniq_josephine,
          uniq_urug
D:13:     layout_loops_ring
D:14:     layout_irregular_city, grunt_vaults_entry_fortified,
          gammafunk_ghost_wrathful_warriors
D:15:     grunt_enter_depths_hoard, layout_grid_maze,
          nicolae_trove_entry_path_of_doom
Temple:   minmay_temple_curvy_branch
Lair:1:   layout_concentric_octagons, chequers_serial_rivers_marsh,
          lemuel_fruit_fields, lemuel_fruit_fields
Lair:2:   layout_hall_layers, shoals_dummy_entry, portal_ice_cave_rime,
          st_stairs_9, chequers_serial_rivers_micro_c, uniq_erica
Lair:3:   layout_layer_cave, nicolae_spider_entry_non_spiders, lemuel_fruit_tree
Lair:4:   gammafunk_cloud_chamber, layout_loops_ring, slime_entry_1
Lair:5:   minmay_lair_end_enchanted_forest, layout_gridlike
Shoals:1: layout_shoals
Shoals:2: layout_shoals, nicolae_shoals_sun_and_surf, uniq_polyphemus,
          uniq_ilsuiw
Shoals:3: layout_shoals
Spider:1: layout_spider_delve, uniq_mlioglotl
Orc:1:    layout_diamond_mine, nicolae_volcano_entry_lava_flow, mines3_lemuel
Orc:2:    st_orc_elflike, layout_caves, basic_altar, serial_shops, shop,
          gammafunk_ghost_fury_of_okawaru

Skill      XL: |  1  2  3  4  5  6  7  8  9 10 11 12 13 14 15 16 |
---------------+-------------------------------------------------+-----
Earth Magic    | 4 5 6 7 8 10 11 13 | 13.7
Conjurations   | 1 3 4 5 6 7 8 9 |  9.0
Spellcasting   | 3 4 6 8 9 10 13 | 13.4
Fighting       | 2 6 8 9 11 13 14 | 14.6
Maces & Flails | 2 4 |  4.3
Armour         | 2 4 5 |  5.5
Dodging        | 2 4 |  4.0
Fire Magic     | 2 5 |  5.3
Axes           | 1 4 9 |  9.6
Air Magic      | 3 4 |  4.0
Ice Magic      | 5 |  5.0
Shields        | 3 4 5 |  5.0
Necromancy     | 6 7 |  7.0
Stealth        | |  2.1
Transmutations | |  0.7

Action                   |  1- 3 |  4- 6 |  7- 9 | 10-12 | 13-15 | 16-18 || total
-------------------------+-------+-------+-------+-------+-------+-------++-------
Melee: Unarmed           |     4 |       |       |       |       |       ||     4
       Dagger            |    15 |    10 |       |       |       |       ||    25
       Short sword       |       |     2 |   106 |       |       |       ||   108
       Staff             |       |       |     3 |       |     2 |       ||     5
       Whip              |       |       |     1 |    36 |       |       ||    37
       Hand axe          |       |       |       |   200 |   129 |   115 ||   444
Throw: Stone             |       |     2 |       |       |       |       ||     2
 Cast: Sandblast         |    43 |    34 |     2 |       |     2 |       ||    81
       Stone Arrow       |       |    24 |   110 |   352 |   626 |   147 ||  1259
       Magic Dart        |       |       |       |       |   141 |    43 ||   184
       Static Discharge  |       |       |       |       |    93 |    47 ||   140
       Frozen Ramparts   |       |       |       |       |    54 |    21 ||    75
       Flame Wave        |       |       |       |       |     2 |       ||     2
       Lee's Rapid Decon |       |       |       |       |    19 |     8 ||    27
       Passwall          |       |       |       |       |     2 |       ||     2
       Borgnjor's Vile C |       |       |       |       |    17 |    11 ||    28
       Freezing Cloud    |       |       |       |       |     5 |     7 ||    12
       Ozocubu's Armour  |       |       |       |       |     5 |     4 ||     9
       Fireball          |       |       |       |       |     2 |       ||     2
Evoke: Wand              |       |       |     2 |     8 |     4 |       ||    14
  Use: Scroll            |       |    11 |       |     3 |    28 |     1 ||    43
       Potion            |       |       |     1 |     4 |     4 |     6 ||    15
 Stab: Sleeping          |       |       |     6 |       |       |       ||     6
Armor: Robe              |     9 |    12 |    47 |    53 |       |       ||   121
       Scale mail        |       |       |       |   158 |   218 |       ||   376
       Fire dragon scale |       |       |       |       |   103 |   275 ||   378
Dodge: Dodged            |    20 |    12 |    66 |   186 |   158 |   113 ||   555
       Repelled          |       |       |       |       |     4 |     3 ||     7
Block: Buckler           |       |       |    14 |    63 |   172 |   105 ||   354

Table legend: (Time is in decaauts)
 A = Elapsed time spent in this place.
 B = Non-inter-level travel time spent in this place.
 C = Inter-level travel time spent in this place.
 D = Time resting spent in this place.
 E = Time spent auto-exploring this place.
 F = Levels seen in this place.
 G = Mean time per level.
                   A        B        C        D        E       F      G
               +--------+--------+--------+--------+--------+-----+--------+
         Total |  45642 |  42410 |   3232 |  14872 |  19725 |  30 | 1521.4 |
       Dungeon |  24144 |  22197 |   1947 |   5979 |  12782 |  15 | 1609.6 |
        Temple |    344 |    341 |      3 |      0 |    338 |   1 |  344.0 |
          Lair |  10769 |  10059 |    710 |   3970 |   4754 |   5 | 2153.8 |
        Shoals |   4162 |   4087 |     75 |   2331 |    726 |   3 | 1387.3 |
   Spider Nest |    295 |    295 |      0 |     42 |     43 |   1 |  295.0 |
  Orcish Mines |   2961 |   2464 |    497 |    781 |    874 |   2 | 1480.5 |
        Bailey |    652 |    652 |      0 |    291 |     59 |   1 |  652.0 |
      Ice Cave |   1879 |   1879 |      0 |   1345 |    111 |   1 | 1879.0 |
       Volcano |    432 |    432 |      0 |    133 |     37 |   1 |  432.0 |
               +--------+--------+--------+--------+--------+-----+--------+

Top non-repeatable levels by time:
     D:8: 3055 daAuts
  Lair:3: 2880 daAuts
     D:9: 2695 daAuts
    D:10: 2341 daAuts
    D:14: 2304 daAuts
  Lair:2: 2300 daAuts
Shoals:2: 2297 daAuts
   Orc:2: 2250 daAuts
  Lair:5: 2140 daAuts
    D:15: 2024 daAuts
   IceCv: 1879 daAuts
  Lair:4: 1865 daAuts
Shoals:1: 1861 daAuts
  Lair:1: 1582 daAuts
     D:7: 1495 daAuts
